 Dungeon Crawl Stone Soup version 0.19.5 (webtiles) character file.

45 miragecloak the Ruffian (level 3, -3/31 HPs)
             Began as a Ghoul Monk on Apr 12, 2017.
             Slain by an iguana (11 damage)
             ... on level 3 of the Dungeon.
             The game lasted 00:04:42 (1463 turns).

miragecloak the Ruffian (Ghoul Monk)                Turns: 1463, Time: 00:04:43

Health: -3/31      AC:  2    Str: 14    XL:     3   Next: 64%
Magic:  11/11      EV: 13    Int:  5    God:
Gold:   81         SH:  0    Dex: 12    Spells: 0 memorised, 2 levels left

rFire  . . .     SeeInvis .       - Unarmed
rCold  + . .     Gourm    .     a - +0 robe
rNeg   + + +     Faith    .     (no shield)
rPois  ∞         Spirit   .     (no helmet)
rElec  .         Reflect  .     (no cloak)
rCorr  .         Harm     .     (no gloves)
MR     .....                    (no boots)
Stlth  +++.......               (no amulet)
                                l - ring of magical power
                                d - ring of stealth

@: rotting
A: rotting body, claws 1, carnivore 3, cold resistance 1, negative energy
resistance 3, slow regeneration 1, torment resistance, unbreathing
a: no special abilities


You were on level 3 of the Dungeon.
You were not hungry.

You visited 1 branch of the dungeon, and saw 3 of its levels.

You collected 81 gold pieces.

Inventory:

Armour
 a - a +0 robe (worn)
Jewellery
 d - a ring of stealth (left claw)
 l - a ring of magical power (right claw)
Scrolls
 c - a scroll of blinking {unknown}
 e - a scroll of noise {unknown}
 f - a scroll of remove curse {unknown}
 i - 2 scrolls of recharging {unknown}
 k - 2 scrolls of teleportation {unknown}
 m - a scroll of enchant weapon {unknown}
 n - a scroll of identify {unknown}
Potions
 g - 3 potions of cancellation {unknown}
 j - a potion of heal wounds {unknown}
 p - 2 potions of degeneration {unknown}
 q - a potion of haste {unknown}
Comestibles
 b - a meat ration
 h - a slice of pizza
 o - 3 chunks of flesh


   Skills:
 - Level 3.2 Fighting
 - Level 2.6 Dodging
 - Level 2.1 Stealth
 * Level 5.0 Unarmed Combat


You had 2 spell levels left.
You didn't know any spells.

Dungeon Overview and Level Annotations

Branches:
Dungeon (3/15)

Altars:
Yredelemnul
The Shining One

Annotations:
D:3 Sigmund


Innate Abilities, Weirdness & Mutations

Your body is rotting away.
You thrive on raw meat.
You are immune to poison.
You have sharp fingernails.
You are carnivorous and can eat meat at any time.
Your flesh is cold resistant. (rC+)
You are immune to negative energy. (rN+++)
You regenerate slowly when monsters are visible.
You are immune to unholy pain and torment.
You can survive without breathing.


Message History

The iguana is heavily wounded.
The iguana closely misses you.
You barely miss the iguana.
The iguana is heavily wounded.
The iguana closely misses you.
You closely miss the iguana.
The iguana is heavily wounded.
The iguana bites you.
* * * LOW HITPOINT WARNING * * *
You scratch the iguana.
The iguana is heavily wounded.
The iguana barely misses you.
You scratch the iguana.
The iguana is heavily wounded.
You scratch the iguana but do no damage.
The iguana is heavily wounded.
The iguana barely misses you.
There is an open door here.
The iguana bites you!
You die...

########################
..........#............#
..........#............#
..........#............#
..........#............#
....).....#............#
..........######l##+####
..#'############@##.#########
......>......................
###'##.#######.####.#.....####
#...................'.........
#.....###......#.####......###
#.....###......#...##........#
#.....##.......###.##.....##.# ##
#.....##......##...##.....# .##..
......##..................##.....


You could see an iguana.

Vanquished Creatures
  An adder (D:2)
  2 worms
  2 leopard geckos (D:1)
  2 orcs (D:3)
  2 giant cockroaches (D:3)
  2 goblins
  3 hobgoblins
  2 bats (D:1)
  4 frilled lizards (D:1)
  5 kobolds
  4 rats
29 creatures vanquished.

Notes
Turn   | Place    | Note
-------+----------+-------------------------------------------
     0 | D:1      | miragecloak the Ghoul Monk began the quest for the Orb.
     0 | D:1      | Reached XP level 1. HP: 19/19 MP: 0/0
   326 | D:1      | Reached XP level 2. HP: 20/25 MP: 1/1
   389 | D:1      | Reached skill level 4 in Unarmed Combat
   778 | D:2      | Reached XP level 3. HP: 31/31 MP: 2/2
  1105 | D:3      | Noticed Sigmund
  1283 | D:3      | Found a glowing golden altar of the Shining One.
  1288 | D:3      | Found a basalt altar of Yredelemnul.
  1403 | D:3      | Reached skill level 5 in Unarmed Combat
  1463 | D:3      | Slain by an iguana

Skill      XL: |  1  2  3 |
---------------+----------+-----
Unarmed Combat | 4 5 |  5.0
Fighting       | |  3.2
Dodging        | |  2.6
Stealth        | |  2.1

Action                   || total
-------------------------++-------
Melee: Unarmed           ||   108
       Punch             ||     3
 Stab: Sleeping          ||     4
  Eat: Chunk             ||    11
Armor: Robe              ||    21
Dodge: Dodged            ||    69
